 Dungeon Crawl Stone Soup version 0.30-b1-2-g02819fbbbe (webtiles) character file.

Game seed: 15226697496907136491

30 Alarkh the Charlatan (level 3, 28/28 HPs)
             Began as a Demonspawn Artificer on July 11, 2023.
             Got out of the dungeon alive.
             The game lasted 00:01:18 (1123 turns).

Alarkh the Charlatan (Demonspawn Artificer)         Turns: 1123, Time: 00:01:18

Health: 28/28      AC:  5    Str: 12    XL:     3   Next: 3%
Magic:  3/3        EV: 11    Int: 14    God:
Gold:   64         SH:  0    Dex: 13    Spells: 2/2 levels left

rFire   . . .        i - +0 short sword
rCold   . . .        (no shield)
rNeg    . . .        b - +0 leather armour
rPois   .            (no helmet)
rElec   .            (no cloak)
rCorr   .            (no gloves)
SInv    .            (no boots)
Will    .....        (no amulet)
Stlth   +            (no ring)
HPRegen 0.24/turn    (no ring)
MPRegen 0.08/turn

%: no passive effects
@: no status effects
A: claws 1, yellow scales 1
a: no special abilities


You escaped.
You visited 1 branch of the dungeon, and saw 2 of its levels.

You collected 64 gold pieces.

Inventory:

Hand Weapons
 a - a +0 club
 i - a +0 short sword (weapon)
Armour
 b - a +0 leather armour (worn)
Wands
 c - a wand of flame (11) (quivered)
 d - a wand of charming (15)
 e - a wand of iceblast (5)
Scrolls
 f - 5 scrolls of teleportation
Potions
 g - a potion of resistance {unknown}
 h - 2 potions of heal wounds {unknown}
 j - a potion of curing {unknown}
 k - a potion of lignification {unknown}


   Skills:
 + Level 2.5 Fighting
 - Level 1.7 Armour
 - Level 0.8 Dodging
 - Level 0.8 Stealth
 * Level 1.2 Unarmed Combat
 - Level 3.0 Evocations


You had 2 spell levels left.
You didn't know any spells.
Your spell library was empty.

Dungeon Overview and Level Annotations

Branches:
Dungeon (2/15)

Altars:


Innate Abilities, Weirdness & Mutations

You have sharp fingernails.
You are partially covered in yellow scales. (AC +2)


Message History

You feel sick.
Aiming: Throw Flame
Press: ? - help, Shift-Dir - straight line, f/p - adder
Aim: an adder (lightly wounded, 53% to hit)
The puff of flame hits the adder!
The adder is almost dead.
You feel sick. The adder bites you.
You are more poisoned.
The adder poisons you!
You completely miss the adder.
The adder is almost dead.
You feel sick. The adder barely misses you. The adder bites you.
You hit the adder.
You kill the adder!
You feel sick.
Your Unarmed Combat skill increases to level 1!
You have reached level 3!
Your experience leads to an increase in your attributes!
Increase (S)trength, (I)ntelligence, or (D)exterity?
You feel clever. x2; Your demonic ancestry asserts itself...
Yellow scales grow over part of your body.
You feel sick.
You feel sick.
You feel sick.
You are no longer poisoned.
A goblin comes into view. It is wielding a +0 club.
HP restored.
Found a stone staircase leading down.
A goblin comes into view. It is wielding a +0 dagger.
You can't go up here!
A bat comes into view.
There is an escape hatch in the ceiling here.
A mysterious force pulls you upwards. The hatch slams shut behind you.
Unknown command.
HP restored.
There is an open door here.
There is an open door here.
There is a staircase leading out of the dungeon here.
Are you sure you want to leave the Dungeon?
This will make you lose the game!
You have escaped!

.# ##..# .## #####.## ###
..###.###..######## #####.#
...##.............###.....#
....##..............^.....#
###...........#####.......#
..####.....####...####....#
.....###'###.........###..#
⌠).....'.'......@......#..#
.....###'###.........###..#
..####.....####...####....#
###.....###...#####.....###
..........##..........###
.###############....###
######


There were no monsters in sight!

Vanquished Creatures
  An adder (D:2)
  2 endoplasms (D:1)
  A giant cockroach (D:1)
  3 goblins (D:1)
  4 hobgoblins (D:1)
  2 quokkas (D:1)
  A ball python (D:2)
  2 bats (D:1)
  A kobold (D:1)
  3 rats (D:1)
20 creatures vanquished.

Notes
Turn   | Place    | Note
-------+----------+-------------------------------------------
     0 | D:1      | Alarkh the Demonspawn Artificer began the quest for the
                  | Orb.
     0 | D:1      | Reached XP level 1. HP: 15/15 MP: 1/1
   301 | D:1      | Gained mutation: You have sharp fingernails. [demonic
                  | ancestry]
   301 | D:1      | Reached XP level 2. HP: 18/22 MP: 2/2
   371 | D:1      | Found a faded altar of an unknown god.
  1015 | D:2      | Reached skill level 1 in Unarmed Combat
  1015 | D:2      | Gained mutation: You are partially covered in yellow
                  | scales. (AC +2) [demonic ancestry]
  1015 | D:2      | Reached XP level 3. HP: 14/28 MP: 3/3
  1123 | D:$      | Got out of the dungeon alive.

Illustrated notes

Levels and vault maps discovered:
D:1:      elethiomel_arrival_infinity_welcomes_careful_drivers,
          layout_loops_ring, hellmonk_ecumenical_altar_zigzags,
          minmay_misc_feat_chi
D:2:      layout_rooms

Skill      XL: |  1  2 |
---------------+-------+-----
Fighting       | 2 |  2.5
Unarmed Combat | 1 |  1.2
Armour         | |  1.7
Dodging        | |  0.8
Stealth        | |  0.8
Evocations     | |  3.0

Action                     || total
---------------------------++-------
  Melee: Short sword       ||    73
         Club              ||     5
  Evoke: Wand              ||     4
    Use: Scroll            ||     1
 Armour: Leather armour    ||    13
  Dodge: Dodged            ||    48
